 Dungeon Crawl Stone Soup version 0.31.0-11-ge490571c62 (webtiles) character file.

Game seed: 7874892931726347961

28 qw the Shooter (level 3, 0/18 HPs)
             Began as a Spriggan Hunter on Feb 4, 2024.
             Succumbed to their own poison gas
             ... on level 1 of the Dungeon.
             The game lasted 00:00:03 (859 turns).

qw the Shooter (Spriggan Hunter)                     Turns: 859, Time: 00:00:04

Health: 0/18       AC:  2    Str:  7    XL:     3   Next: 0%
Magic:  4/4        EV: 19    Int: 10    God:
Gold:   33         SH:  0    Dex: 20    Spells: 2/2 levels left

rFire   . . .        a - +0 shortbow
rCold   . . .        (shield currently unavailable)
rNeg    . . .        c - +0 robe
rPois   .            (helmet restricted)
rElec   .            (no cloak)
rCorr   .            (gloves unavailable)
SInv    +            (boots unavailable)
Will    .....        (no amulet)
Stlth   ++           (no ring)
HPRegen 0.23/turn    (no ring)
MPRegen 0.09/turn

%: no passive effects
@: lethally poisoned (0 -> -5), very quick
A: very small, no large weapons, unfitting armour, see invisible, speed 3
a: no special abilities


You were on level 1 of the Dungeon.
You visited 1 branch of the dungeon, and saw 1 of its levels.

You collected 33 gold pieces.


Innate Abilities, Weirdness & Mutations

You are very small and have problems with some larger weapons.
You are too small for most types of armour.
You have supernaturally acute eyesight. (SInv)
You cover ground extremely quickly. (Speed+++)


   Skills:
 - Level 1.5 Fighting
 + Level 4.4 Ranged Weapons
 - Level 4.0 Dodging
 - Level 1.5 Stealth


You had 2 spell levels left.
You didn't know any spells.
Your spell library was empty.

Inventory:

Hand Weapons
 a - a +0 shortbow (weapon)
Armour
 c - a +0 robe (worn)
Potions
 e - a potion of heal wounds {unknown}
 f - a potion of ambrosia {unknown}
 g - a potion of lignification {unknown}
 j - a potion of curing {unknown}

Dungeon Overview and Level Annotations

Branches:
Dungeon (1/15)

Altars:

Shops:
D:1 :


Message History

Done exploring.
850 ||| READING scroll labelled QUTZOA EQEVYR.
As you read the scroll labelled QUTZOA EQEVYR, it crumbles to dust.
It is a scroll of identify.
850 ||| IDENTIFYING fuming brown potion;
d - a potion of brilliance Done exploring.
851 ||| READING scroll labelled NEODIO BALLAA.
The air fills with toxic fumes!
As you read the scroll labelled NEODIO BALLAA, it crumbles to dust.
It was a scroll of poison.
Done exploring.
852 ||| DROPPING scroll of butterflies.
You drop a scroll of butterflies.
Done exploring.
853 ||| DROPPING potion of brilliance.
You drop a potion of brilliance.
Done exploring.
What level of the Dungeon? (default 1, ? - help) Sorry, I don't know how to get there.
Enter note:
Enter note:
Enter note:
Enter note:
Enter note:
Enter note:
Enter note:
Enter note:
Enter note: You are engulfed in poison gas.
You are poisoned.
You feel very sick.
855 ||| Stepping ~*~*~tactically~*~*~ (cloud).
You feel sick.
Things that are here:
a potion of brilliance; a scroll of butterflies
There is a lethal amount of poison in your body!
You feel very sick.
There is a lethal amount of poison in your body!
You feel very sick.
There is a lethal amount of poison in your body!
You feel sick.
There is a lethal amount of poison in your body!
You die...

#.#.#.....#.#.#.####
##.###.##
#.#.###.###.#.#.######
##.#.##
#.#.........#.#.#....#
##..#
#.###########.#.#....#
##.#
#.............#.#...¤#
#.#
#######'#######.#..0¤#
#.#
................#.000#
####.##
##.########0#####¤¤¤¤#
#...#.# ....#
#.###¤¤¤¤¤@0¤0¤#
#.##.## #####
#..#############
#.#### ##.# #.# #.#
######### #)# #.#
#.......## #.# #.#
#.....)..## #.#
##.###.###.....####.#
#...................#
#####
##.###.#.......######


There were no monsters in sight!

Vanquished Creatures
  2 endoplasms (D:1)
  3 hobgoblins (D:1)
  2 jackals (D:1)
  4 kobolds (D:1)
  2 quokkas (D:1)
  3 ball pythons (D:1)
  A bat (D:1)
  6 goblins (D:1)
  2 rats (D:1)
25 creatures vanquished.

Notes
Turn   | Place    | Note
-------+----------+-------------------------------------------
     0 | D:1      | qw the Spriggan Hunter began the quest for the Orb.
     0 | D:1      | Reached XP level 1. HP: 10/10 MP: 2/2
     0 | D:1      | 0 ||| qw: Version: 0.3-a-160-g6735b56
     0 | D:1      | 0 ||| qw: Game counter: 5970
     0 | D:1      | 0 ||| qw: Melee chars always use a shield: true
     0 | D:1      | 0 ||| qw: God list: Okawaru
     0 | D:1      | 0 ||| qw: Allow faded altars: false
     0 | D:1      | 0 ||| qw: Do Orc after clearing Dungeon:15 true
     0 | D:1      | 0 ||| qw: Do second Lair branch before Depths: true
     0 | D:1      | 0 ||| qw: Lair rune preference: random
     0 | D:1      | 0 ||| qw: Goals: Normal
     0 | D:1      | 0 ||| PLANNING D:1-11
   112 | D:1      | Reached skill level 3 in Dodging
   318 | D:1      | Reached XP level 2. HP: 14/14 MP: 3/3
   378 | D:1      | Found Omawnod's Vocational Training.
   669 | D:1      | Found a faded altar of an unknown god.
   849 | D:1      | Reached XP level 3. HP: 18/18 MP: 4/4
   850 | D:1      | 850 ||| READING scroll labelled QUTZOA EQEVYR.
   850 | D:1      | 850 ||| IDENTIFYING fuming brown potion
   851 | D:1      | 851 ||| READING scroll labelled NEODIO BALLAA.
   852 | D:1      | 852 ||| DROPPING scroll of butterflies.
   853 | D:1      | 853 ||| DROPPING potion of brilliance.
   855 | D:1      | 855 ||| Stepping ~*~*~tactically~*~*~ (cloud).
   857 | D:1      | HP: 3/18 [poisoned by you (poison gas)]
   858 | D:1      | HP: 1/18 [poisoned by you (poison gas)]
   859 | D:1      | Succumbed to their own poison gas

Levels and vault maps discovered:
D:1:      matt_arrival_refuge, layout_loops_cross,
          ebering_ecumenical_altar_petrified, grunt_decor_junction,
          minivault_27, nicolae_shop_vocational

Skill      XL: |  1  2 |
---------------+-------+-----
Dodging        | 3 4 |  4.0
Fighting       | |  1.5
Ranged Weapons | |  4.4
Stealth        | |  1.5

Action                     || total
---------------------------++-------
   Fire: Shortbow          ||    63
    Use: Scroll            ||     2
 Armour: Robe              ||     5
  Dodge: Dodged            ||    10

Table legend:
 A = Non-vault XP
 B = Vault XP
 C = Vault XP percentage of total XP
 D = Non-vault monster count
 E = Vault monster count
 F = Vault count percentage of total count
                 A         B        C        D         E       F
            +---------+---------+-------+---------+---------+-------
      Total |      41 |       0 |   0.0 |      25 |       0 |   0.0
            +---------+---------+-------+---------+---------+-------
        D:1 |      41 |       0 |   0.0 |      25 |       0 |   0.0
            +---------+---------+-------+---------+---------+-------
